 Dungeon Crawl Stone Soup version 0.29-a0-284-gf9362112df (webtiles) character file.

Game seed: 16850846288351003320

1897 drugrobin the Cleaver (level 8, 0/105 HPs)
             Began as a Demigod Fighter on Mar 18, 2022.
             Slain by a troll (9 damage)
             ... on level 7 of the Dungeon.
             The game lasted 00:27:49 (8386 turns).

drugrobin the Cleaver (Demigod Fighter)             Turns: 8386, Time: 00:27:50

Health: 0/105      AC:  8    Str: 25    XL:     8   Next: 62%
Magic:  10/10      EV:  7    Int: 10    God:
Gold:   120        SH:  4    Dex: 13    Spells: 7/7 levels left

rFire   . . .      SeeInvis .   a - +0 war axe
rCold   . . .      Faith    .   l - +0 buckler
rNeg    . . .      Spirit   .   x - +0 chain mail
rPois   .          Reflect  .   (no helmet)
rElec   .          Harm     .   (no cloak)
rCorr   .          Rampage  .   (no gloves)
Will    +....                   (no boots)
Stlth   ..........              p - amulet of the acrobat
HPRegen 0.27/turn               s - ring of willpower
MPRegen 0.12/turn               (no ring)

@: berserking (expiring), very quick
A: high MP 1, forlorn, divine attributes
a: no special abilities


You were on level 7 of the Dungeon.
You visited 1 branch of the dungeon, and saw 7 of its levels.
You also visited: Ossuary.

You collected 387 gold pieces.
You spent 267 gold pieces at shops.

Inventory:

Hand Weapons
 a - a +0 war axe (weapon)
 b - a +0 hand crossbow
 c - a +0 hand axe of venom
 t - the +7 Throatcutter {drain, coup de grace}
   (You found it on level 4 of the Dungeon)

   A truly terrible weapon, it drains the life of any living foe it strikes.
   It may instantly kill foes which have little health.
 y - a +2 flail of protection
Missiles
 g - 5 poisoned darts (quivered)
 C - 14 boomerangs of dispersal
Armour
 l - a +0 buckler (worn)
 x - a +0 chain mail (worn)
Jewellery
 p - an amulet of the acrobat (around neck)
 s - a ring of willpower (left hand)
Scrolls
 e - 2 scrolls of torment
 f - a scroll of silence {unknown}
 i - a scroll of amnesia
 k - 2 scrolls of blinking
 n - 5 scrolls of vulnerability {unknown}
 v - 5 scrolls of teleportation
 z - 2 scrolls of fear {unknown}
Potions
 d - a potion of might
 h - 9 potions of curing
 j - 2 potions of resistance {unknown}
 m - a potion of degeneration {unknown}
 o - a potion of flight {unknown}
 q - a potion of ambrosia {unknown}
 r - 7 potions of heal wounds
 u - a potion of berserk rage
 w - 3 potions of attraction
 A - a potion of invisibility {unknown}
 B - a potion of brilliance {unknown}


   Skills:
 + Level 5.9 Fighting
 + Level 9.4 Axes
 - Level 2.6 Armour
 - Level 2.6 Shields


You had 7 spell levels left.
You didn't know any spells.
Your spell library contained the following spells:

 Spells                   Type           Power      Damage    Failure   Level
 Gell's Gravitas          Tloc           0%         N/A       100%        3
 Lesser Beckoning         Tloc           0%         N/A       100%        3
 Ozocubu's Armour         Ice            0%         N/A       100%        3
 Teleport Other           Tloc           0%         N/A       100%        3
 Ozocubu's Refrigeration  Ice            0%         4d5       100%        7


Dungeon Overview and Level Annotations

Branches:
Dungeon (7/15)             Temple (0/1) D:4         Ossuary (visited)

Shops:
D:1 *   D:2 (   D:3 !   D:4 *

Annotations:
D:2 Sigmund
D:4 2 transporters
D:5 Duvessa


Innate Abilities, Weirdness & Mutations

You have an increased reservoir of magic. (+10% MP)
You shall have no god before yourself.
Your divine heritage dramatically boosts your attributes as you level up.


Message History

Unknown command.
Unknown command.
You hit the troll.
The troll looks even sicker.
The troll is moderately wounded.
You block the troll's attack. The troll closely misses you.
The troll claws you but does no damage.
Unknown command.
Unknown command.
You hit the troll but do no damage.
The troll looks as sick as possible!
The troll is moderately wounded.
Unknown command.
Unknown command.
Unknown command.
Unknown command.
Unknown command.
Your +0 hand axe of venom stops dripping with poison.
a - a +0 war axe (weapon)
The troll bites you! The troll claws you! x2
Unknown command.
Unknown command.
You closely miss the troll.
The troll is moderately wounded.
Unknown command.
Unknown command.
Unknown command.
You barely miss the troll.
The troll is moderately wounded.
The troll bites you!
* * * LOW HITPOINT WARNING * * *
The troll claws you but does no damage. The troll claws you.
* * * LOW HITPOINT WARNING * * *
Unknown command.
Unknown command.
Unknown command.
You closely miss the troll.
The troll is heavily wounded.
The troll bites you!
* * * LOW HITPOINT WARNING * * *
The troll claws you!
You die...

#........# #........#
#....T# ##.....#
##### #.....(#
####...####
#...##(###.........##
#....
#..............#
#....#
#..T...........#
#.....
#..@..........##
#.....
##............#
...... #............#
#............#
#................
#............#####
#...........##
#...........#
.........#


You could see a troll (extremely poisoned).

Vanquished Creatures
  Prince Ribbit (D:6)
  2 ogres (D:4)
  A centaur (D:5)
  3 phantoms (D:4)
  A kobold brigand (D:6)
  3 scorpions
  A necrophage (D:5)
  2 water moccasin zombies (Ossuary)
  Dowan (D:5)
  2 hounds
  A jelly (D:5)
  A gnoll shaman (D:5)
  3 iguanas (D:5)
  6 orc wizards
  Natasha (D:5)
  3 mummies
  13 gnolls
  6 adders
  An ufetubus (D:4)
  4 adder zombies (Ossuary)
  3 worms
  4 dart slugs
  22 orcs
  3 endoplasms
  3 giant cockroaches
  11 goblins
  7 hobgoblins
  5 jackals
  10 kobolds
  3 quokkas
  9 ball pythons
  3 bats
  2 frilled lizards
  5 gnoll zombies (Ossuary)
  3 hobgoblin zombies (Ossuary)
  7 kobold zombies
  11 orc zombies
  3 rats
170 creatures vanquished.

Notes
Turn   | Place    | Note
-------+----------+-------------------------------------------
     0 | D:1      | drugrobin the Demigod Fighter began the quest for the Orb.
     0 | D:1      | Reached XP level 1. HP: 18/18 MP: 3/3
    81 | D:1      | Reached skill level 2 in Axes
   425 | D:1      | Found Bojowaps's General Store.
   431 | D:1      | Bought a scroll of noise for 12 gold pieces
   521 | D:1      | Reached XP level 2. HP: 23/25 MP: 4/4
   598 | D:1      | Reached skill level 3 in Axes
   748 | D:1      | Reached XP level 3. HP: 30/30 MP: 5/5
  1534 | D:2      | Noticed a scorpion
  1542 | D:2      | Killed a scorpion
  1543 | D:2      | Reached skill level 4 in Axes
  1543 | D:2      | Reached XP level 4. HP: 34/37 MP: 6/6
  1934 | D:2      | Noticed Sigmund
  2300 | D:3      | Found Fyoqubbu's Distillery.
  2303 | D:3      | Bought a potion of curing for 36 gold pieces
  2581 | D:3      | Reached skill level 5 in Axes
  2702 | D:3      | Reached XP level 5. HP: 39/42 MP: 7/7
  3085 | D:4      | Noticed an ogre
  3101 | D:4      | Killed an ogre
  3126 | D:4      | Found the +7 Throatcutter {drain, coup de grace}
  3179 | D:4      | Found a sand-covered staircase.
  3362 | Ossuary  | Entered an ossuary
  3368 | Ossuary  | Reached skill level 6 in Axes
  3431 | Ossuary  | Reached XP level 6. HP: 50/50 MP: 8/8
  3879 | D:4      | Reached skill level 7 in Axes
  3929 | D:4      | Found Waankin's Assorted Antiques.
  3938 | D:4      | Bought a scroll labelled VEABRIF TYTZUI for 25 gold pieces
  3938 | D:4      | Bought a scroll labelled AFICAA WURCHYPP for 25 gold pieces
  3938 | D:4      | Bought a scroll labelled AFICAA WURCHYPP for 25 gold pieces
  3938 | D:4      | Bought a glowing golden potion for 22 gold pieces
  3982 | D:4      | Reached XP level 7. HP: 41/56 MP: 9/9
  4116 | D:4      | Found a staircase to the Ecumenical Temple.
  4300 | D:4      | Found a transporter.
  4301 | D:4      | Found a transporter.
  4784 | D:5      | Entered Level 5 of the Dungeon
  5051 | D:5      | Reached skill level 8 in Axes
  5131 | D:4      | Noticed Natasha
  5186 | D:5      | Killed Natasha
  5543 | D:4      | Reached XP level 8. HP: 60/67 MP: 10/10
  6401 | D:5      | Noticed Dowan
  6529 | D:1      | Bought a potion of berserk rage for 60 gold pieces
  6529 | D:1      | Bought a scroll of teleportation for 36 gold pieces
  6665 | D:2      | Found Rahon's Weapon Shoppe.
  6672 | D:2      | Bought 3 poisoned darts for 13 gold pieces
  6672 | D:2      | Bought 3 poisoned darts for 13 gold pieces
  6789 | D:5      | Killed Dowan
  6872 | D:6      | Noticed Prince Ribbit
  6895 | D:6      | Killed Prince Ribbit
  6896 | D:6      | Reached skill level 5 in Fighting
  6896 | D:6      | Reached skill level 9 in Axes
  7801 | D:5      | Noticed Duvessa
  8363 | D:7      | Noticed a troll
  8386 | D:7      | Slain by a troll

Illustrated notes

Levels and vault maps discovered:
D:1:      minmay_arrival_wavy_path, layout_loops_ring, serial_shops, shop,
          dreamdust_ecumenical_altar_angels_and_demons
D:2:      layout_basic, serial_shops, nicolae_shop_trees, uniq_sigmund
D:3:      layout_basic, kennysheep_slug_shrine, serial_shops, shop
D:4:      layout_basic, okawaru_altar_gauntlet_db,
          gammafunk_temple_overflow_arena, minmay_temple_entry_poolview,
          serial_shops, shop, nicolae_ossuary_entry_giza, kennysheep_diamond,
          grunt_ministairs_14, uniq_natasha
D:5:      layout_basic, uniq_duvessa
D:6:      lemuel_ice_spiral_2, layout_basic, vehumet_crystals,
          minmay_unpleasant_kobolds, uniq_prince_ribbit1
D:7:      layout_cave_pods, mainiacjoe_overflow_alcove_4, lemuel_crystal_altar,
          gammafunk_ghost_berserking_beasts

Skill      XL: |  1  2  3  4  5  6  7  8 |
---------------+-------------------------+-----
Axes           | 2 3 4 5 6 7 8 9 |  9.4
Fighting       | 4 5 |  5.9
Armour         | |  2.6
Shields        | |  2.6

Action                   |  1- 3 |  4- 6 |  7- 9 || total
-------------------------+-------+-------+-------++-------
Melee: War axe           |    85 |   193 |    85 ||   363
       Unarmed           |       |     4 |       ||     4
       Long sword        |       |    15 |    69 ||    84
       Hand axe          |       |       |    41 ||    41
       Flail             |       |       |    17 ||    17
 Fire: Hunting sling     |     7 |       |       ||     7
       Hand crossbow     |       |       |    21 ||    21
Throw: Dart              |     5 |     2 |    12 ||    19
Evoke: Wand              |       |       |     5 ||     5
  Use: Potion            |       |     1 |     1 ||     2
       Scroll            |       |       |     5 ||     5
Armor: Scale mail        |    42 |    62 |    32 ||   136
       Skin              |       |     1 |       ||     1
       Chain mail        |       |       |    43 ||    43
Dodge: Dodged            |    40 |    92 |    76 ||   208
Block: Buckler           |    14 |    17 |    49 ||    80

Table legend: (Time is in decaauts)
 A = Elapsed time spent in this place.
 B = Non-inter-level travel time spent in this place.
 C = Inter-level travel time spent in this place.
 D = Time resting spent in this place.
 E = Time spent auto-exploring this place.
 F = Levels seen in this place.
 G = Mean time per level.
                   A        B        C        D        E       F      G
               +--------+--------+--------+--------+--------+-----+--------+
         Total |   8539 |   7952 |    587 |   1486 |   4016 |   8 | 1067.4 |
       Dungeon |   8007 |   7420 |    587 |   1296 |   4016 |   7 | 1143.9 |
       Ossuary |    531 |    531 |      0 |    190 |      0 |   1 |  531.0 |
               +--------+--------+--------+--------+--------+-----+--------+

Top non-repeatable levels by time:
     D:4: 2315 daAuts
     D:6: 1430 daAuts
     D:3: 1173 daAuts
     D:2: 1162 daAuts
     D:1: 1150 daAuts
     D:5: 729 daAuts
 Ossuary: 531 daAuts
     D:7: 46 daAuts
